 Dungeon Crawl Stone Soup version 0.28-a0-32-g8dfe7f97f6 (webtiles) character file.

Game seed: 5501433041126193528

12947 wakim the Protected (level 11, -5/99 HPs)
             Began as a Minotaur Berserker on July 27, 2021.
             Was an Elder of Trog.
             Killed from afar by a fire giant (43 damage)
             ... with a fireball
             ... on level 10 of the Dungeon.
             The game lasted 00:28:19 (11407 turns).

wakim the Protected (Minotaur Berserker)           Turns: 11407, Time: 00:28:20

Health: -5/99      AC: 19    Str: 24    XL:     11   Next: 69%
Magic:  10/10      EV:  9    Int:  6    God:    Trog [****..]
Gold:   430        SH:  5    Dex:  9    Spells: 10/10 levels left

rFire   . . .      SeeInvis .   a - +0 lajatang (elec)
rCold   . . .      Faith    .   (shield currently unavailable)
rNeg    . . .      Spirit   .   s - +0 plate armour
rPois   .          Reflect  +   y - +1 hat
rElec   .          Harm     .   (no cloak)
rCorr   .          Rampage  .   (no gloves)
Will    ++...                   p - +1 pair of boots {Fly}
Stlth   ..........              l - amulet of reflection
HPRegen 1.26/turn               (no ring)
MPRegen 0.12/turn               (no ring)

@: strong-willed, flying, regenerating
A: horns 2, retaliatory headbutt
a: Renounce Religion, Berserk, Trog's Hand, Brothers in Arms


You were on level 10 of the Dungeon.
You worshipped Trog.
Trog was greatly pleased with you.
You visited 2 branches of the dungeon, and saw 11 of its levels.
You also visited: Sewer.

You collected 486 gold pieces.
You spent 56 gold pieces at shops.

Inventory:

Hand Weapons
 a - a +0 lajatang of electrocution (weapon)
 b - a +2 shortbow of flaming
 h - a +2 morningstar
 m - a +0 quarterstaff
Missiles
 c - 242 arrows
 e - 6 boomerangs
 g - 141 bolts
 j - 18 poisoned darts
 k - a curare-tipped dart {=f}
 n - 3 atropa-tipped darts (quivered)
 x - a throwing net {=f!f}
Armour
 p - a +1 pair of boots of flying (worn)
 q - a +0 buckler
 s - a +0 plate armour (worn)
 y - a +1 hat (worn)
Jewellery
 l - an amulet of reflection (around neck)
Wands
 v - a wand of flame (22)
 w - a wand of acid (8)
Scrolls
 o - a scroll of enchant weapon
 u - a scroll of enchant armour
 R - 3 scrolls of magic mapping {!r}
 T - a scroll of teleportation
 V - 2 scrolls of vulnerability {!r!r}
 Y - a scroll of blinking {!r}
Potions
 d - a potion of brilliance {unknown}
 f - a potion of degeneration {unknown}
 A - 2 potions of ambrosia
 B - 2 potions of attraction {!q}
 C - a potion of berserk rage {!q}
 F - 6 potions of curing
 G - 3 potions of flight
 H - 2 potions of haste
 I - a potion of invisibility
 J - 2 potions of heal wounds
 K - 4 potions of magic
 L - 2 potions of lignification {!q}
 M - a potion of mutation {!q}
 N - 2 potions of might


   Skills:
 + Level 9.9 Fighting
 - Level 6.2(9.9) Maces & Flails
 * Level 11.8(12.4) Staves
 * Level 13.0 Armour
 + Level 8.6 Dodging


You had 10 spell levels left.
You didn't know any spells.
Your spell library was empty.

Dungeon Overview and Level Annotations

Branches:
Dungeon (10/15)            Temple (1/1) D:6            Lair (0/6) D:8
  Sewer (visited)
    Orc: D:9-12

Altars:
Ashenzari
Cheibriados
Gozag
Hepliaklqana
Kikubaaqudgha
Makhleb
Okawaru
Ru
Sif Muna
Vehumet
Yredelemnul
Zin

Shops:
D:3 *   D:9 *


Innate Abilities, Weirdness & Mutations

You have a pair of horns on your head.
You reflexively headbutt those who attack you in melee.


Message History

You drop a +0 shortbow.
You block the fire bat's attack.
You miss the fire bat. The fire bat closely misses you.
A fire bat and a fire giant come into view.
The fire giant is wielding a +2 great sword of flaming.
The fire giant shouts!
The fire bat closely misses you. You furiously retaliate!
You headbutt the fire bat!
The fire giant unwields a +2 great sword of flaming.
It stops flaming.
The fire giant drops a +2 great sword of flaming.
The fire giant picks up the +7 great mace "Firestarter" {inner flame, rF++}.
The fire giant wields the +7 great mace "Firestarter" {inner flame, rF++}.
It bursts into flame!
The fire bat closely misses you. You furiously retaliate!
You headbutt the fire bat!
You kill the fire bat!
Trog accepts your kill.
A fire bat comes into view.
Your Armour skill increases to level 13!
You block the fire bat's attack.
Your skin crawls.
You feel strong-willed. The fire bat barely misses you.
The fire bat bites you but does no damage.
The fire bat barely misses you.
The fire bat bites you but does no damage. x2
The fire bat barely misses you. x2
The fire bat barely misses you. The fire giant casts a spell at you.
The bolt of fire hits the fire bat.
The fire bat completely resists.
The bolt of fire hits you!!!
Ouch! That really hurt!
* * * LOW HITPOINT WARNING * * *
The fire bat closely misses you. You furiously retaliate!
You headbutt the fire bat, but do no damage.
The fire bat bites you but does no damage.
The fire giant gestures at you while chanting.
The fireball explodes!
The fireball engulfs the fire bat.
The fire bat completely resists.
The fireball engulfs you!!!
You die...

##..###....#...###.#
...>.).....+.......#
....########...#####
....# #......# ....#
#.####.## ....# #
#..# ....# .# ##.##
....# ..# #..# .####
..# ##@## ..# #b.# .
#.###.# ...#..##.#
)..$...#C#
|:.......#
:..!...#)#
...#..##.# . #.# #.#


You could see a fire giant and a fire bat.

Vanquished Creatures
  Gastronok (D:8)
  Harold (D:8)
  Erica (D:8)
  2 tengu warriors (D:10)
  Pikel (D:6)
  A troll (D:8)
  Prince Ribbit (D:8)
  3 slime creatures (D:10)
  A wyvern (D:8)
  15 yaks
  A fire bat (D:10)
  2 steam dragons
  Edmund (D:6)
  2 water moccasins
  An ice beast (D:7)
  2 orc warriors (D:9)
  2 necrophages
  2 wolves (D:8)
  2 ogres
  6 centaurs
  4 phantoms
  2 kobold brigands (D:7)
  A bullfrog (D:8)
  3 scorpions
  A water moccasin zombie (D:6)
  12 wights
  6 electric eels (D:8)
  5 howler monkeys
  2 centaur zombies
  5 hounds
  5 orc priests
  A bullfrog zombie (D:6)
  2 centaur skeletons
  A jelly (D:5)
  2 bullfrog skeletons (D:5)
  5 iguanas
  2 gnoll shamans
  12 orc wizards
  A hound zombie (D:5)
  A hound skeleton (D:5)
  11 gnolls
  7 adders
  A shadow imp (D:7)
  2 white imps
  A worm (D:6)
  3 dart slugs
  31 orcs
  8 ball pythons
  2 bats (D:2)
  9 endoplasms
  3 giant cockroaches
  3 hobgoblins
  5 jackals
  3 quokkas
  2 frilled lizards
  5 goblins
  2 goblin zombies (D:6)
  19 kobolds
  4 rats
242 creatures vanquished.

Vanquished Creatures (others)
  5 plants (D:7)
5 creatures vanquished.

Grand Total: 247 creatures vanquished

Notes
Turn   | Place    | Note
-------+----------+-------------------------------------------
     0 | D:1      | wakim the Minotaur Berserker began the quest for the Orb.
     0 | D:1      | Reached XP level 1. HP: 19/19 MP: 0/0
    30 | D:1      | Found a faded altar of an unknown god.
   172 | D:1      | Reached XP level 2. HP: 27/27 MP: 1/1
   588 | D:1      | Reached skill level 3 in Armour
   972 | D:2      | Found a broken altar of Ashenzari.
  1318 | D:2      | Reached XP level 3. HP: 29/33 MP: 2/2
  1735 | D:3      | Found a burning altar of Makhleb.
  1767 | D:3      | Found a glowing silver altar of Zin.
  1791 | D:3      | Reached XP level 4. HP: 40/40 MP: 3/3
  1814 | D:3      | Reached skill level 4 in Armour
  1877 | D:2      | Reached ** piety under Trog
  2239 | D:3      | Noticed a phantom
  2293 | D:4      | Identified the +1 robe "Sedieq" {Fly SInv}
  2596 | D:3      | Found Pataunk's General Store.
  2632 | D:3      | Killed a phantom
  2633 | D:3      | Reached skill level 5 in Maces & Flails
  2633 | D:3      | Reached XP level 5. HP: 37/47 MP: 4/4
  2825 | D:3      | Found a broken altar of Ashenzari.
  3666 | D:4      | Noticed an ogre
  3676 | D:4      | Killed an ogre
  3677 | D:4      | Reached skill level 5 in Armour
  3677 | D:4      | Reached XP level 6. HP: 53/53 MP: 5/5
  4382 | D:4      | Reached skill level 5 in Fighting
  4456 | D:4      | Found an ancient bone altar of Kikubaaqudgha.
  4469 | D:4      | Found a shimmering blue altar of Sif Muna.
  4482 | D:4      | Found a radiant altar of Vehumet.
  4487 | D:4      | Reached XP level 7. HP: 61/61 MP: 6/6
  4498 | D:4      | Identified a scroll of acquirement
  4498 | D:4      | Acquired a +0 lajatang of electrocution
  4545 | D:5      | Entered Level 5 of the Dungeon
  4680 | D:5      | Reached skill level 1 in Staves
  4794 | D:5      | Reached skill level 6 in Armour
  5236 | D:5      | Found a sacrificial altar of Ru.
  5666 | D:5      | Reached XP level 8. HP: 52/70 MP: 7/7
  5669 | D:5      | Reached skill level 7 in Armour
  5921 | D:6      | Found an opulent altar of Gozag.
  5938 | D:6      | Noticed Edmund
  5945 | D:6      | Killed Edmund
  5946 | D:6      | Reached skill level 5 in Staves
  5946 | D:6      | Reached skill level 5 in Dodging
  5981 | D:6      | Noticed Pikel
  6009 | D:6      | Killed Pikel
  6010 | D:6      | Reached skill level 8 in Armour
  6013 | D:6      | HP: 1/71 [centaur/arrow (10)]
  6017 | D:6      | Reached XP level 9. HP: 3/78 MP: 8/8
  6207 | D:6      | Found a glowing drain.
  6221 | Sewer    | Entered a sewer
  6298 | Sewer    | Reached skill level 9 in Armour
  6599 | D:6      | Found a staircase to the Ecumenical Temple.
  6608 | Temple   | Entered the Ecumenical Temple
  6623 | D:6      | Found a runed translucent door.
  6625 | D:6      | Found a basalt altar of Yredelemnul.
  7304 | D:7      | Reached *** piety under Trog
  7398 | D:7      | Found a hazy altar of Hepliaklqana.
  7820 | D:8      | Reached skill level 10 in Armour
  8009 | D:8      | Noticed Harold
  8046 | D:8      | Killed Harold
  8047 | D:8      | Reached XP level 10. HP: 45/88 MP: 9/9
  8247 | D:8      | Noticed Gastronok
  8320 | D:8      | Killed Gastronok
  8321 | D:8      | Reached skill level 11 in Armour
  8374 | D:8      | Found a snail-covered altar of Cheibriados.
  8487 | D:8      | Noticed Erica
  8535 | D:8      | Killed Erica
  8536 | D:8      | Reached skill level 10 in Staves
  8676 | D:8      | Noticed Prince Ribbit
  8684 | D:8      | Killed Prince Ribbit
  9382 | D:8      | Found a staircase to the Lair.
  9607 | D:8      | Found an iron altar of Okawaru.
  9610 | D:8      | Reached XP level 11. HP: 93/97 MP: 10/10
  9811 | D:9      | Found Zoicoes's Mass Market.
  9873 | D:9      | Reached skill level 12 in Armour
 10006 | D:9      | Found Onoceg's Assorted Antiques.
 10026 | D:9      | Bought a fuming red potion for 28 gold pieces
 10026 | D:9      | Bought a dark potion for 28 gold pieces
 10580 | D:10     | Entered Level 10 of the Dungeon
 10734 | D:10     | Noticed a tengu warrior
 10735 | D:10     | Noticed a tengu warrior
 10750 | D:10     | Killed a tengu warrior
 10756 | D:10     | Killed a tengu warrior
 10951 | D:10     | Reached **** piety under Trog
 11397 | D:10     | Noticed a fire giant
 11399 | D:10     | Reached skill level 13 in Armour
 11407 | D:10     | Killed from afar by a fire giant

Illustrated notes

Levels and vault maps discovered:
D:1:      saegor_arrival_miasma, layout_basic, basic_ecumenical_altar,
          serial_rivers, chequers_serial_rivers_small_3,
          chequers_serial_rivers_small_3, chequers_serial_rivers_micro_c,
          chequers_serial_rivers_marsh
D:2:      layout_basic, basic_altar
D:3:      layout_loops_ring, general_overflow_altar,
          mainiacjoe_overflow_concentric_impassable,
          nicolae_ashenzari_panopticon, serial_shops,
          nicolae_shop_competitors_out_of_business,
          chequers_serial_rivers_large_a
D:4:      layout_loops_ring, palyth_temple_overflow_mages
D:5:      kennysheep_six_static_rooms, layout_loops_ring,
          mainiacjoe_overflow_boulevard, uniq_crazy_yiuf_cottage
D:6:      layout_cave_pools, mainiacjoe_overflow_brackets,
          dk_yredelemnul_ordeal, minmay_temple_entry_proselytizer,
          portal_sewer_entry_b, uniq_pikel, uniq_edmund
D:7:      layout_basic, nicolae_hepliaklqana_hazy_memory
D:8:      layout_basic, mainiacjoe_overflow_six_doors_small,
          kennysheep_little_box, erik_lair_island, uniq_erica, uniq_gastronok,
          uniq_harold, uniq_prince_ribbit1
D:9:      layout_roguey, minmay_shop_mass, nicolae_stop_n_shop_1
D:10:     minmay_firetagon, layout_basic
Temple:   cyrus_temple_forest

Skill      XL: |  1  2  3  4  5  6  7  8  9 10 11 |
---------------+----------------------------------+-----
Maces & Flails | 4 5 6 |  6.2
Armour         | 3 4 5 6 8 10 11 13 | 13.0
Fighting       | 4 5 6 8 9 |  9.9
Dodging        | 3 4 5 6 7 8 |  8.6
Staves         | 3 6 8 10 11 | 11.8

Action                   |  1- 3 |  4- 6 |  7- 9 | 10-12 || total
-------------------------+-------+-------+-------+-------++-------
Melee: Mace              |    55 |   120 |       |       ||   175
       Headbutt          |     8 |    21 |    50 |    51 ||   130
       Lajatang          |       |       |   283 |   246 ||   529
 Fire: Hunting sling     |       |    10 |       |       ||    10
       Shortbow          |       |       |    14 |    13 ||    27
Invok: Berserk           |     1 |     1 |     3 |     3 ||     8
       Trog's Hand       |       |     1 |     7 |    10 ||    18
Evoke: Wand              |       |       |       |     7 ||     7
  Use: Scroll            |       |    10 |     9 |     7 ||    26
Armor: Leather armour    |     4 |       |       |       ||     4
       Animal skin       |     2 |       |       |       ||     2
       Chain mail        |     4 |    59 |    26 |       ||    89
       Plate armour      |       |       |   106 |   123 ||   229
Dodge: Dodged            |    23 |    36 |   127 |    95 ||   281
Block: Other             |     6 |       |    64 |    55 ||   125
       Buckler           |     4 |    37 |       |       ||    41
       Reflection        |       |     3 |     2 |     3 ||     8

Table legend: (Time is in decaauts)
 A = Elapsed time spent in this place.
 B = Non-inter-level travel time spent in this place.
 C = Inter-level travel time spent in this place.
 D = Time resting spent in this place.
 E = Time spent auto-exploring this place.
 F = Levels seen in this place.
 G = Mean time per level.
                   A        B        C        D        E       F      G
               +--------+--------+--------+--------+--------+-----+--------+
         Total |  11571 |  10917 |    654 |    314 |   8209 |  12 |  964.2 |
       Dungeon |  11294 |  10640 |    654 |    314 |   8017 |  10 | 1129.4 |
        Temple |      1 |      1 |      0 |      0 |      0 |   1 |    1.0 |
         Sewer |    275 |    275 |      0 |      0 |    192 |   1 |  275.0 |
               +--------+--------+--------+--------+--------+-----+--------+

Top non-repeatable levels by time:
     D:8: 1878 daAuts
     D:3: 1434 daAuts
     D:5: 1312 daAuts
     D:4: 1188 daAuts
     D:7: 1040 daAuts
     D:2: 1014 daAuts
     D:1: 987 daAuts
     D:9: 906 daAuts
    D:10: 812 daAuts
     D:6: 718 daAuts
   Sewer: 275 daAuts
  Temple: 1 daAuts
